 Dungeon Crawl Stone Soup version 0.30.1 (webtiles) character file.

Game seed: 10755727126655131081

1 viiyen the Poker (level 1, 0/20 HPs)
             Began as a Minotaur Berserker on July 8, 2023.
             Was a Follower of Trog.
             Slain by a quokka (1 damage)
             ... on level 1 of the Dungeon.
             The game lasted 00:01:41 (30 turns).

viiyen the Poker (Minotaur Berserker)                 Turns: 30, Time: 00:01:42

Health: 0/20       AC:  2    Str: 21    XL:     1   Next: 16%
Magic:  0/0        EV: 12    Int:  4    God:    Trog [*.....]
Gold:   0          SH:  0    Dex:  9    Spells: 0/0 levels left

rFire   . . .        a - +0 spear
rCold   . . .        (no shield)
rNeg    . . .        b - +0 animal skin
rPois   .            (helmet restricted)
rElec   .            (no cloak)
rCorr   .            (no gloves)
SInv    .            (no boots)
Will    .....        (no amulet)
Stlth   +            (no ring)
HPRegen 0.23/turn    (no ring)
MPRegen 0.07/turn

%: no passive effects
@: no status effects
A: horns 2, retaliatory headbutt
a: Renounce Religion, Berserk


You were on level 1 of the Dungeon.
You worshipped Trog.
Trog was aware of your devotion.
You visited 1 branch of the dungeon, and saw 1 of its levels.

Inventory:

Hand Weapons
 a - a +0 spear (weapon)
Armour
 b - a +0 animal skin (worn)


   Skills:
 + Level 3.6 Fighting
 + Level 3.6 Polearms
 + Level 2.4 Armour
 + Level 2.2 Dodging


You couldn't memorise any spells.
You didn't know any spells.
Your spell library was empty.

Dungeon Overview and Level Annotations

Branches:
Dungeon (1/15)

Altars:


Innate Abilities, Weirdness & Mutations

You have a pair of horns on your head.
You reflexively headbutt those who attack you in melee.


Message History

The ball python bites you. The ball python constricts you.
The ball python bites you.
The quokka twitches its whiskers.
The quokka closely misses you.
You escape the ball python's grasp.
The quokka attacks as you move away! The quokka barely misses you.
The bat closely misses you. The bat barely misses you. You furiously retaliate!
You headbutt the bat, but do no damage. The bat barely misses you.
You barely miss the ball python. You headbutt the ball python.
You kill the ball python!
Trog accepts your kill. The bat misses you. The bat hits you.
The ball python barely misses you. The ball python grabs you.
The ball python constricts you. The ball python bites you.
The ball python constricts you.
You escape the ball python's grasp.
The bat barely misses you. The bat hits you but does no damage.
You barely miss the bat. The bat hits you.
The quokka bites you but does no damage.
The bat hits you.
* * * LOW HITPOINT WARNING * * *
You barely miss the quokka. The bat hits you.
* * * LOW HITPOINT WARNING * * *
The ball python completely misses you. The ball python grabs you.
The ball python constricts you. The bat hits you but does no damage.
The quokka completely misses you. The ball python bites you.
* * * LOW HITPOINT WARNING * * *
The ball python constricts you.
* * * LOW HITPOINT WARNING * * *
You escape the ball python's grasp.
The bat hits you but does no damage.
You completely miss the quokka. The bat hits you but does no damage.
The bat hits you.
* * * LOW HITPOINT WARNING * * *
The quokka bites you.
* * * LOW HITPOINT WARNING * * *
The kobold closely misses you. You furiously retaliate!
You headbutt the kobold!
You kill the kobold!
Trog accepts your kill. The quokka bites you.
You die...

..... ..# ###########
##.... #.# ##...<...##
......##.# ##.......##
.......#.# ##8.♣.♣.8##
.......#.#####.#.#.### .
............##+#'#+##..#
........bb.............#
.....................###
......)†Sr@..........#
.........)...........#
.........#.........#.#
.........#.........#.#
#....##..#...........#
..##. #..#.........#..
.8 ## #...............
...####.....


You could see a quokka, 2 bats and a ball python.

Vanquished Creatures
  A ball python (D:1)
  2 kobolds (D:1)
3 creatures vanquished.

Notes
Turn   | Place    | Note
-------+----------+-------------------------------------------
     0 | D:1      | viiyen the Minotaur Berserker began the quest for the Orb.
     0 | D:1      | Reached XP level 1. HP: 19/19 MP: 0/0
    30 | D:1      | HP: 1/20 [quokka (2)]
    30 | D:1      | Slain by a quokka

Illustrated notes

Levels and vault maps discovered:
D:1:      spicycebolla_arrival_ecumenical, layout_basic, minmay_pentomino_w4

Action                     || total
---------------------------++-------
  Melee: Spear             ||    11
         Headbutt          ||     1
 Armour: Animal skin       ||    14
  Dodge: Dodged            ||    30
